 Dungeon Crawl Stone Soup version 0.31-a0-986-g5e6e4ef867 (webtiles) character file.

Game seed: 14473178446762238008

31614 quinnr the Stormcaller (level 13, -6/82 HPs)
             Began as a Tengu Air Elementalist on Nov 19, 2023.
             Was a Priest of Vehumet.
             Mangled by a skyshark (13 damage)
             ... on level 3 of the Lair of Beasts.
             The game lasted 00:52:40 (25707 turns).

quinnr the Stormcaller (Tengu Air Elementalist)    Turns: 25707, Time: 00:52:41

Health: -6/82      AC: 10    Str:  8    XL:     13   Next: 59%
Magic:  21/26      EV: 36    Int: 30    God:    Vehumet [***...]
Gold:   804        SH:  5    Dex: 15    Spells: 8/28 levels left

rFire   + . .        b - +3 Elemental Staff {ele, rElec rF+ rC+ AC+3}
rCold   + . .        (no shield)
rNeg    . . .        Q - +1 robe of Bimn {Int+3 Archmagi}
rPois   .            (helmet restricted)
rElec   +            (no cloak)
rCorr   .            (no gloves)
SInv    .            (boots unavailable)
Will    .....        x - amulet of reflection
Stlth   +++          I - +6 ring of intelligence
HPRegen 0.33/turn    T - +4 ring of protection
MPRegen 0.20/turn

%: reflection, acrobat, archmagi
@: acrobatic, flying
A: beak, talons 3, evasive flight, acrobatic
a: Renounce Religion


You were on level 3 of the Lair of Beasts.
You worshipped Vehumet.
Vehumet was most pleased with you.
You visited 3 branches of the dungeon, and saw 15 of its levels.
You also visited: Sewer and Bailey.

You collected 804 gold pieces.


Innate Abilities, Weirdness & Mutations

You have a beak for a mouth.
You have claws for feet.
Your magical flight helps you evade attacks. (EV +4)
You can magically evade attacks while moving or waiting.


   Skills:
 - Level 10.0 Fighting
 - Level 3.0 Staves
 - Level 10.0 Dodging
 - Level 5.0 Stealth
 + Level 2.1 Shields
 + Level 8.2 Spellcasting
 - Level 5.0 Conjurations
 - Level 8.0 Summonings
 - Level 15.0 Air Magic
 + Level 5.0 Poison Magic
 + Level 5.9 Evocations


You had 8 spell levels left.
You knew the following spells:

 Your Spells              Type           Power      Damage    Failure   Level
a - Airstrike             Air            62%        2d(9-25)  1%          4
c - Call Canine Familiar  Summ           74%        N/A       1%          3
i - Swiftness             Air            100%       N/A       1%          3
m - Mephitic Cloud        Conj/Pois/Air  96%        N/A       1%          3
o - Olgreb's Toxic Radia  Pois           59%        N/A       1%          4
t - Static Discharge      Conj/Air       100%       3-8/arc   1%          2
z - Shock                 Conj/Air       100%       1d9       1%          1

Your spell library contained the following spells:

 Spells                   Type           Power      Damage    Failure   Level
 Necrotise                Necr           72%        1d7       4%          1
 Slow                     Hex            72%        N/A       4%          1
 Confusing Touch          Hex            18%        N/A       13%         3
 Sigil of Binding         Hex            18%        N/A       13%         3
 Vampiric Draining        Necr           18%        2d7       13%         3
 Animate Dead             Necr           18%        N/A       38%         4
 Dimensional Bullseye     Hex/Tloc       9%         N/A       38%         4
 Leda's Liquefaction      Hex/Erth       13%        N/A       38%         4
 Agony                    Necr           18%        N/A       75%         5
 Borgnjor's Vile Clutch   Necr/Erth      13%        N/A       75%         5
 Death Channel            Necr           9%         N/A       100%        6

Inventory:

Hand Weapons
 a - the +7 staff of the Meek {protect, meekguard}
   (You found it on level 2 of the Dungeon)
 b - the +3 Elemental Staff (weapon) {ele, rElec rF+ rC+ AC+3}
   (You took it off a deep elf pyromancer on level 9 of the Dungeon)

   AC+3:      It affects your AC (+3).
   rF+:       It protects you from fire.
   rC+:       It protects you from cold.
   rElec:     It insulates you from electricity.
Missiles
 h - 8 javelins
 F - 2 throwing nets {=f}
Armour
 Q - the +1 robe of Bimn (worn) {Int+3 Archmagi}
   (You found it on level 9 of the Dungeon)

   Int+3:     It affects your intelligence (+3).
   Archmagi:  It increases the power of your magical spells.
 R - a +0 buckler
Magical Staves
 S - a staff of poison {!a}
Jewellery
 x - an amulet of reflection (around neck)
 C - a ring of ice
 I - a +6 ring of intelligence (left hand)
 T - a +4 ring of protection (right hand)
Wands
 M - a wand of flame (11)
 O - a wand of acid (2)
 P - a wand of digging (4)
Scrolls
 c - 5 scrolls of teleportation {@r2}
 f - 2 scrolls of revelation
 m - a scroll of noise {unknown}
 n - a scroll of acquirement {unknown}
 q - 4 scrolls of fear
 r - 3 scrolls of summoning
 s - a scroll of silence {unknown}
 t - 2 scrolls of fog {unknown}
 u - a scroll of vulnerability {unknown}
 v - 2 scrolls of poison
 y - a scroll of torment {unknown}
 A - a scroll of blinking
 N - a scroll of amnesia {unknown}
Potions
 e - 4 potions of enlightenment
 g - 8 potions of resistance
 i - a potion of magic
 j - 3 potions of mutation
 l - 8 potions of heal wounds {@q2}
 o - 2 potions of might
 w - 3 potions of invisibility
 z - 2 potions of brilliance
 H - 5 potions of cancellation
 J - 4 potions of haste {@q3}
 L - 2 potions of curing {@q1}
 U - a potion of attraction {unknown}

Dungeon Overview and Level Annotations

Branches:
Dungeon (11/15)            Temple (1/1) D:7            Lair (3/5) D:11
 Shoals (0/4) Lair:3       Spider (0/4) Lair:3        Sewer (visited)
 Bailey (visited)
    Orc: D:9-12

Altars:
Ashenzari
Cheibriados
Dithmenos
Elyvilon
Fedhas
Gozag
Hepliaklqana
Kikubaaqudgha
Makhleb
Nemelex Xobeh
Okawaru
Qazlal
Ru
Sif Muna
Trog
Uskayaw
Vehumet
Wu Jian
Xom
Yredelemnul
Zin
The Shining One
Jiyva

Annotations:
D:3 !grinder upvault

*,,****,,,*,,,,,*****,,,,,,,,,,,,
*,,****,,#.....** *,*,,,,.,,,,,,
*,,,**,,,.>....* ***,,,..,,,,,,
*,,***,,.......* *,,,...,,,,,,
*,,,***.....P..#######,...,,,,,,,
,,,**,*........PP####...#*,,,*,,,
,,,,**,......~....###...#*,***,,,
,,,****.....~~~~~~°☼§?..##****,,,
,,,,**,...~l~~≈≈@lh○°...P.#*,*,,,
*,,****...~≈≈~~~≈~○F☼......,,,,,,
*,,**,*..~~≈≈~.~~~≈~.......,,,,,,
,,,,,,,..~≈≈≈.<.~~~........,,,,,,
*,,,,,,#..~≈~.~.~≈~........,,,,,,
*,,,,,,##.~≈≈~~~~≈~..$.....,***,,
*,,,,,,##.~~≈≈≈≈≈≈~........***,,,
*,,,,,,###.~~~~~~~~P.##...,* **,,
,,,,,,,P##....~~..####,..,,* **,,


You could see a skyshark (berserk, confused, ally target), a komodo dragon, a
bullfrog (confused) and a friendly warg (summoned).


Message History

The bullfrog barely misses your warg.
The skyshark is engulfed in noxious fumes.
The skyshark attacks as it pursues you! The skyshark bites you!!
The skyshark enters a blood-rage!
The skyshark completely misses you. x2
Unknown command.
Unknown command.
The skyshark is engulfed in noxious fumes.
The skyshark misses you. The skyshark completely misses you. x2
The skyshark is engulfed in noxious fumes.
The skyshark completely misses you. The skyshark tail-slaps you!
You block the skyshark's attack.
Your warg closely misses the skyshark.
Unknown command.
The bullfrog is engulfed in noxious fumes.
The bullfrog appears confused.
The skyshark is engulfed in noxious fumes.
The skyshark closely misses you. The skyshark tail-slaps you!
* * * LOW HITPOINT WARNING * * *
The skyshark misses you.
Your warg bites the skyshark.
A komodo dragon comes into view.
Unknown command.
The bullfrog is engulfed in noxious fumes.
The bullfrog appears confused.
The bullfrog closely misses the skyshark.
The skyshark is engulfed in noxious fumes.
The skyshark appears confused.
The skyshark rages.
The skyshark bites you!!
* * * LOW HITPOINT WARNING * * *
The skyshark completely misses you. The skyshark tail-slaps you!
You die...

Skill      XL: |  1  2  3  4  5  6  7  8  9 10 11 12 13 |
---------------+----------------------------------------+-----
Air Magic      | 5 6 7 9 11 13 15 | 15.0
Poison Magic   | 1 3 4 5 |  5.0
Fighting       | 2 3 5 8 10 | 10.0
Staves         | 3 |  3.0
Dodging        | 3 5 7 8 9 10 | 10.0
Stealth        | 3 5 |  5.0
Conjurations   | 2 5 |  5.0
Spellcasting   | 3 4 6 8 |  8.2
Evocations     | 3 5 |  5.9
Summonings     | 4 7 8 |  8.0
Shields        | 2 |  2.1

Action                     |  1- 3 |  4- 6 |  7- 9 | 10-12 | 13-15 || total
---------------------------+-------+-------+-------+-------+-------++-------
  Melee: Quarterstaff      |       |     9 |     6 |    23 |       ||    38
         Staff             |       |     9 |       |    40 |    48 ||    97
         Kick              |       |     4 |     1 |    22 |    20 ||    47
         Peck              |       |     4 |       |    14 |    15 ||    33
   Cast: Shock             |    96 |   119 |   148 |   204 |     6 ||   573
         Airstrike         |       |     6 |    62 |   188 |    69 ||   325
         Static Discharge  |       |     4 |    11 |    12 |     1 ||    28
         Swiftness         |       |       |       |     6 |       ||     6
         Call Canine Famil |       |       |       |    19 |    24 ||    43
         Mephitic Cloud    |       |       |       |     1 |    10 ||    11
         Olgreb's Toxic Ra |       |       |       |       |     3 ||     3
  Evoke: Wand              |       |       |       |     6 |     1 ||     7
    Use: Scroll            |     1 |     1 |     6 |     7 |     6 ||    21
         Potion            |       |       |       |     2 |       ||     2
   Stab: Distracted        |       |       |       |     1 |       ||     1
 Armour: Robe              |     5 |    31 |    39 |    95 |    31 ||   201
  Dodge: Dodged            |    17 |    39 |    52 |   152 |    83 ||   343
  Block: Other             |       |       |    18 |    43 |    15 ||    76
         Reflection        |       |       |     2 |     6 |       ||     8

Levels and vault maps discovered:
D:1:      ebering_trefoil_3fold, layout_basic,
          shapermc_ecumenical_altar_starsandcircs
D:2:      layout_basic, minmay_lizard_king
D:3:      layout_loops_ring, nicolae_overflow_ecumenical_swirl,
          worldfamousw_hep_ancestral_shrine, grunt_gozag_breadcrumbs,
          uniq_grinder
D:4:      layout_cave_pools, mainiacjoe_overflow_brackets, grunt_ministairs_3,
          minmay_misc_feat_plants, mrwooster_statue_mirror
D:5:      layout_layer_cave, led_sif_pool, gup_sewer_entry_glass
D:6:      layout_loops_ring, elyvilon_altar_3, mainiacjoe_overflow_two_lobes,
          ebering_ghost_sewer_f, minmay_ogre_servants
D:7:      layout_layer_cave, kennysheep_mini_moat,
          minmay_temple_entry_butterflies
D:8:      layout_loops_ring, nicolae_wu_jian_immortal_techniques,
          mainiacjoe_overflow_surrounded_room
D:9:      layout_loops_ring, nemelex_spade_bored_becter, blue_anna_alchemist,
          dilly_guarded_unrand_elemental_staff
D:10:     layout_stronghold, fiery_altar_vehumet,
          mainiacjoe_overflow_tiny_flanked, enter_bailey_5,
          gammafunk_ghost_ooze, minmay_statues_item, nicolae_tricolors,
          uniq_josephine
D:11:     layout_roguey, minmay_lair_entry_grove, lightli_church_of_beogh
Temple:   pf_temple_reverse_labyrinth
Lair:1:   layout_regular_city, infiniplex_staircase_pool, grunt_megastairs_5
Lair:2:   layout_cave_pods, grunt_megastairs_4, uniq_urug
Lair:3:   layout_chaotic_city, nicolae_shoals_entry_roost,
          spider_nest_entry_webs, gammafunk_ghost_wrathful_warriors,
          gauntlet_entry_generic, infiniplex_staircase_pool_2,
          serial_bayou_shore_b

Notes
Turn   | Place    | Note
-------+----------+-------------------------------------------
     0 | D:1      | quinnr the Tengu Air Elementalist began the quest for the
                  | Orb.
     0 | D:1      | Reached XP level 1. HP: 10/10 MP: 4/4
    34 | D:1      | Found a faded altar of an unknown god.
   379 | D:1      | Reached XP level 2. HP: 15/15 MP: 1/6
   713 | D:1      | Reached skill level 5 in Air Magic
   992 | D:1      | Reached XP level 3. HP: 19/19 MP: 3/7
  1891 | D:2      | Reached skill level 6 in Air Magic
  2046 | D:2      | Reached skill level 1 in Poison Magic
  2213 | D:2      | Reached XP level 4. HP: 24/24 MP: 6/8
  2563 | D:2      | Found the +7 staff of the Meek {protect, meekguard}
  2911 | D:3      | Reached skill level 2 in Poison Magic
  3031 | D:3      | Reached skill level 3 in Poison Magic
  3031 | D:3      | Reached XP level 5. HP: 28/28 MP: 5/9
  3080 | D:3      | Found an opulent altar of Gozag.
  3385 | D:3      | Found a hazy altar of Hepliaklqana.
  3439 | D:3      | Reached skill level 1 in Fighting
  3570 | D:3      | Found a faded altar of an unknown god.
  3914 | D:3      | Found an iron altar of Okawaru.
  3914 | D:3      | Noticed Grinder
  3973 | D:4      | Reached skill level 2 in Fighting
  4055 | D:3      | Learned a level 4 spell: Airstrike
  4058 | D:3      | Learned a level 2 spell: Static Discharge
  4326 | D:4      | Reached XP level 6. HP: 36/36 MP: 2/10
  4489 | D:4      | Reached skill level 3 in Fighting
  4723 | D:4      | Reached skill level 7 in Air Magic
  4996 | D:4      | Found a shadowy altar of Dithmenos.
  5117 | D:4      | Gained mutation: Your magical flight helps you evade
                  | attacks. (EV +4) [Tengu growth]
  5117 | D:4      | Reached XP level 7. HP: 41/41 MP: 9/11
  5333 | D:5      | Entered Level 5 of the Dungeon
  5431 | D:5      | Reached skill level 1 in Staves
  5431 | D:5      | Reached skill level 8 in Air Magic
  5443 | D:5      | Found a shimmering blue altar of Sif Muna.
  5462 | D:5      | Found a glowing drain.
  5487 | Sewer    | Entered a sewer
  5755 | Sewer    | Reached skill level 2 in Staves
  5896 | Sewer    | Reached skill level 3 in Staves
  5896 | Sewer    | Reached skill level 9 in Air Magic
  6255 | Sewer    | Reached skill level 3 in Dodging
  6255 | Sewer    | Reached skill level 3 in Stealth
  6255 | Sewer    | Reached XP level 8. HP: 46/46 MP: 5/12
  7187 | D:5      | Reached skill level 4 in Dodging
  7446 | D:5      | Reached skill level 4 in Stealth
  8271 | D:6      | Reached skill level 5 in Dodging
  8271 | D:6      | Reached skill level 5 in Stealth
  8448 | D:6      | Reached skill level 2 in Conjurations
  8588 | D:6      | Found a white marble altar of Elyvilon.
  8686 | D:6      | Reached skill level 3 in Spellcasting
  8833 | D:6      | Found a runed translucent door.
  8851 | D:6      | Found a runed translucent door.
  8852 | D:6      | Noticed pigah's ghost (novice OpSh)
  8910 | D:6      | Found a shimmering altar of Xom.
  8919 | D:6      | Reached XP level 9. HP: 50/50 MP: 6/15
  9166 | D:6      | Found a basalt altar of Yredelemnul.
  9269 | D:6      | Reached skill level 10 in Air Magic
  9276 | D:6      | Reached skill level 4 in Spellcasting
  9465 | D:6      | Killed pigah's ghost
  9466 | D:6      | Reached skill level 11 in Air Magic
  9466 | D:6      | Reached skill level 4 in Fighting
  9466 | D:6      | Reached skill level 4 in Poison Magic
  9795 | D:7      | Reached skill level 5 in Fighting
 10126 | D:6      | Found a white marble altar of Elyvilon.
 10564 | D:6      | Found a basalt altar of Yredelemnul.
 10586 | D:6      | Found a shimmering altar of Xom.
 10891 | D:7      | Reached skill level 6 in Dodging
 11150 | D:7      | Found a glowing silver altar of Zin.
 11228 | D:7      | Found a staircase to the Ecumenical Temple.
 11242 | Temple   | Entered the Ecumenical Temple
 11949 | D:8      | Reached skill level 7 in Dodging
 12061 | D:8      | Reached XP level 10. HP: 59/59 MP: 5/17
 12440 | D:8      | Noticed a deep elf pyromancer
 12441 | D:8      | Reached skill level 8 in Dodging
 12456 | D:8      | Killed a deep elf pyromancer
 12797 | D:8      | Reached skill level 5 in Spellcasting
 12971 | D:8      | Found a sacrificial altar of Ru.
 13348 | D:8      | Reached skill level 12 in Air Magic
 13421 | D:8      | Found an ornate altar of the Wu Jian Council.
 13820 | D:9      | Learned a level 3 spell: Swiftness
 13821 | D:9      | Found a sparkling altar of Nemelex Xobeh.
 13985 | D:9      | Noticed a cyclops
 13989 | D:9      | Killed a cyclops
 13990 | D:9      | Reached skill level 6 in Spellcasting
 14291 | D:9      | Reached skill level 13 in Air Magic
 14291 | D:9      | Reached skill level 1 in Evocations
 14342 | D:9      | Reached skill level 2 in Evocations
 14385 | D:9      | Reached skill level 3 in Evocations
 14397 | D:9      | Reached XP level 11. HP: 55/63 MP: 0/21
 14398 | D:9      | Reached skill level 4 in Evocations
 15031 | D:9      | Identified the +1 robe of Bimn {Int+3 Archmagi}
 15125 | D:9      | Reached skill level 5 in Evocations
 15125 | D:9      | Identified a +2 robe of resistance
 15737 | D:9      | Reached skill level 6 in Fighting
 16087 | D:9      | Noticed a deep elf pyromancer
 16090 | D:9      | Killed a deep elf pyromancer
 16091 | D:9      | Reached skill level 7 in Fighting
 16243 | D:9      | Identified 5 potions of resistance
 16904 | D:3      | Learned a level 3 spell: Call Canine Familiar
 16972 | D:3      | Killed Grinder
 17187 | D:10     | Entered Level 10 of the Dungeon
 17195 | D:10     | Reached skill level 1 in Summonings
 17205 | D:10     | Found a radiant altar of Vehumet.
 17215 | D:10     | Became a worshipper of Vehumet
 17223 | D:10     | Found a flagged portal.
 17247 | Bailey   | Entered a bailey
 17706 | Bailey   | Noticed an orc knight
 17773 | Bailey   | Killed an orc knight
 17774 | Bailey   | Reached skill level 2 in Summonings
 17970 | Bailey   | Reached * piety under Vehumet
 17970 | Bailey   | Offered knowledge of Magic Dart by Vehumet.
 18320 | D:11     | Reached skill level 8 in Fighting
 18320 | D:11     | Reached skill level 9 in Dodging
 18320 | D:11     | Reached skill level 3 in Summonings
 18740 | D:11     | Found a staircase to the Lair.
 18743 | D:11     | Reached skill level 4 in Summonings
 19104 | D:11     | Reached XP level 12. HP: 75/75 MP: 4/22
 19297 | D:11     | Offered knowledge of Kiss of Death by Vehumet.
 19298 | D:11     | Reached skill level 5 in Summonings
 19396 | D:11     | Reached ** piety under Vehumet
 19510 | D:11     | Noticed a two-headed ogre
 19513 | D:11     | Killed a two-headed ogre
 19951 | D:11     | Reached skill level 9 in Fighting
 19951 | D:11     | Reached skill level 10 in Dodging
 20168 | D:11     | Reached skill level 6 in Summonings
 20533 | Lair:1   | Entered Level 1 of the Lair of Beasts
 20671 | Lair:1   | Reached skill level 10 in Fighting
 20862 | Lair:1   | Reached skill level 14 in Air Magic
 21058 | Lair:1   | Offered knowledge of Mephitic Cloud by Vehumet.
 21074 | Lair:1   | Learned a level 3 spell: Mephitic Cloud
 21363 | Lair:1   | Reached skill level 3 in Conjurations
 21431 | Lair:1   | Reached skill level 15 in Air Magic
 21825 | Lair:1   | Reached skill level 4 in Conjurations
 21825 | Lair:1   | Reached *** piety under Vehumet
 21835 | Lair:1   | Reached skill level 5 in Conjurations
 21835 | Lair:1   | Reached skill level 7 in Summonings
 21839 | Lair:1   | Reached XP level 13. HP: 74/82 MP: 7/23
 22187 | Lair:2   | Reached skill level 8 in Summonings
 22514 | D:10     | Reached skill level 7 in Spellcasting
 22626 | D:10     | Noticed Josephine
 22630 | D:10     | Killed Josephine
 23212 | D:10     | Found a runed translucent gate.
 23212 | D:10     | Found a runed translucent gate.
 23212 | D:10     | Found a runed translucent gate.
 23213 | D:10     | Found a viscous altar of Jiyva.
 23213 | D:10     | Noticed Scrimshaw's ghost (novice VSCj)
 23239 | D:10     | Found a burning altar of Makhleb.
 23319 | D:10     | Offered knowledge of Olgreb's Toxic Radiance by Vehumet.
 23325 | D:10     | Learned a level 4 spell: Olgreb's Toxic Radiance
 23693 | D:10     | Killed Scrimshaw's ghost
 24250 | Lair:2   | Reached skill level 8 in Spellcasting
 24411 | Lair:2   | Noticed Urug
 24433 | Lair:2   | Reached skill level 1 in Shields
 25155 | Lair:2   | Killed Urug
 25156 | Lair:2   | Reached skill level 2 in Shields
 25156 | Lair:2   | Reached skill level 5 in Poison Magic
 25707 | Lair:3   | HP: 7/82 [skyshark (25)]
 25707 | Lair:3   | Mangled by a skyshark

Vanquished Creatures
  Josephine (D:10)
  A two-headed ogre (D:11)
  Urug (Lair:2)
  The ghost of Scrimshaw the Cudgeller, a novice VSCj of Vehumet (D:10)
  The ghost of pigah the Martial Artist, a novice OpSh of Gozag (D:6)
  A glowing orange brain (D:10)
  2 deep elf pyromancers
  2 orc knights
  A cyclops (D:9)
  An oklob plant (Lair:2)
  3 elephants (Lair:1)
  3 black mambas (Lair:1)
  A cane toad (Lair:1)
  A torpor snail (Lair:1)
  4 gargoyles
  2 rime drakes
  An ice devil (D:8)
  A tengu conjurer (D:9)
  4 komodo dragons
  Grinder (D:3)
  A hornet (D:10)
  4 trolls
  10 blink frogs
  5 wyverns
  2 shadows
  27 yaks
  4 wraiths (D:10)
  A basilisk (D:11)
  2 fire elementals (D:9)
  A vampire mosquito (D:11)
  3 steam dragons
  4 water moccasins
  6 orc warriors
  An ice beast (D:8)
  A sky beast (D:6)
  A black bear (D:6)
  3 ogres
  10 wolves
  3 centaurs
  2 phantoms
  8 kobold brigands
  10 bullfrogs
  A gnoll sergeant (D:9)
  8 scorpions
  2 wights (D:8)
  2 howler monkeys
  A hound (D:4)
  A gnoll bouda (D:5)
  2 jellies
  9 orc priests
  An iguana (D:3)
  13 orc wizards
  3 sleepcaps
  7 hell rats (Lair:2)
  22 gnolls
  7 adders
  3 river rats
  A white imp (D:6)
  2 ufetubi (D:5)
  6 worms
  2 dart slugs
  62 orcs
  A bat (D:1)
  7 endoplasms
  8 giant cockroaches
  4 hobgoblins
  6 jackals
  5 quokkas
  11 ball pythons
  13 frilled lizards
  18 goblins
  33 kobolds
  11 rats
414 creatures vanquished.

Vanquished Creatures (collateral kills)
  An orc knight (D:11)
  2 black mambas
  2 elephants (Lair:1)
  A hornet (D:10)
  2 blink frogs
  2 slime creatures (D:10)
  A wraith (D:10)
  9 yaks
  A water moccasin (Lair:2)
  An orc warrior (D:10)
  2 wolves (Lair:2)
  2 orcs (D:10)
26 creatures vanquished.

Vanquished Creatures (others)
  A kobold brigand (D:11)
  An orc (D:10)
2 creatures vanquished.

Grand Total: 442 creatures vanquished

Table legend: (Time is in decaauts)
 A = Elapsed time spent in this place.
 B = Non-inter-level travel time spent in this place.
 C = Inter-level travel time spent in this place.
 D = Time resting spent in this place.
 E = Time spent auto-exploring this place.
 F = Levels seen in this place.
 G = Mean time per level.
                   A        B        C        D        E       F      G
               +--------+--------+--------+--------+--------+-----+--------+
         Total |  25747 |  24307 |   1440 |   3355 |  17482 |  17 | 1514.5 |
       Dungeon |  20822 |  19499 |   1323 |   2859 |  13924 |  11 | 1892.9 |
        Temple |      1 |      0 |      1 |      0 |      0 |   1 |    1.0 |
          Lair |   3172 |   3058 |    114 |     92 |   2546 |   3 | 1057.3 |
         Sewer |   1009 |   1009 |      0 |    215 |    632 |   1 | 1009.0 |
        Bailey |    740 |    740 |      0 |    189 |    380 |   1 |  740.0 |
               +--------+--------+--------+--------+--------+-----+--------+

Top non-repeatable levels by time:
     D:6: 2715 daAuts
    D:10: 2424 daAuts
     D:9: 2391 daAuts
     D:8: 2350 daAuts
    D:11: 2141 daAuts
     D:3: 1894 daAuts
     D:5: 1729 daAuts
     D:1: 1619 daAuts
  Lair:1: 1591 daAuts
  Lair:2: 1560 daAuts
     D:7: 1464 daAuts
     D:2: 1066 daAuts
     D:4: 1025 daAuts
   Sewer: 1009 daAuts
  Bailey: 740 daAuts

Table legend:
 A = Non-vault XP
 B = Vault XP
 C = Vault XP percentage of total XP
 D = Non-vault monster count
 E = Vault monster count
 F = Vault count percentage of total count
                 A         B        C        D         E       F
            +---------+---------+-------+---------+---------+-------
      Total |   27314 |   17849 |  39.5 |     285 |     156 |  35.4
            +---------+---------+-------+---------+---------+-------
        D:1 |      44 |       0 |   0.0 |      28 |       0 |   0.0
        D:2 |      37 |       9 |  19.6 |      16 |       9 |  36.0
        D:3 |     143 |     300 |  67.7 |      24 |       1 |   4.0
        D:4 |     381 |       7 |   1.8 |      20 |       2 |   9.1
        D:5 |     402 |      19 |   4.5 |      11 |       4 |  26.7
        D:6 |     978 |    1074 |  52.3 |      18 |      16 |  47.1
        D:7 |     911 |       0 |   0.0 |      19 |       0 |   0.0
        D:8 |    2507 |     346 |  12.1 |      26 |       1 |   3.7
        D:9 |    2739 |    3357 |  55.1 |      25 |      11 |  30.6
       D:10 |    2997 |    3970 |  57.0 |      21 |      16 |  43.2
       D:11 |    3820 |    3603 |  48.5 |      27 |      32 |  54.2
     Lair:1 |    7501 |    2386 |  24.1 |      25 |       9 |  26.5
     Lair:2 |    4854 |    1460 |  23.1 |      25 |       7 |  21.9
      Sewer |       0 |     524 | 100.0 |       0 |      23 | 100.0
     Bailey |       0 |     794 | 100.0 |       0 |      25 | 100.0
            +---------+---------+-------+---------+---------+-------

Levels and vault maps discovered:
D:1:      ebering_trefoil_3fold, layout_basic,
          shapermc_ecumenical_altar_starsandcircs
D:2:      layout_basic, minmay_lizard_king
D:3:      layout_loops_ring, nicolae_overflow_ecumenical_swirl,
          worldfamousw_hep_ancestral_shrine, grunt_gozag_breadcrumbs,
          uniq_grinder
D:4:      layout_cave_pools, mainiacjoe_overflow_brackets, grunt_ministairs_3,
          minmay_misc_feat_plants, mrwooster_statue_mirror
D:5:      layout_layer_cave, led_sif_pool, gup_sewer_entry_glass
D:6:      layout_loops_ring, elyvilon_altar_3, mainiacjoe_overflow_two_lobes,
          ebering_ghost_sewer_f, minmay_ogre_servants
D:7:      layout_layer_cave, kennysheep_mini_moat,
          minmay_temple_entry_butterflies
D:8:      layout_loops_ring, nicolae_wu_jian_immortal_techniques,
          mainiacjoe_overflow_surrounded_room
D:9:      layout_loops_ring, nemelex_spade_bored_becter, blue_anna_alchemist,
          dilly_guarded_unrand_elemental_staff
D:10:     layout_stronghold, fiery_altar_vehumet,
          mainiacjoe_overflow_tiny_flanked, enter_bailey_5,
          gammafunk_ghost_ooze, minmay_statues_item, nicolae_tricolors,
          uniq_josephine
D:11:     layout_roguey, minmay_lair_entry_grove, lightli_church_of_beogh
Temple:   pf_temple_reverse_labyrinth
Lair:1:   layout_regular_city, infiniplex_staircase_pool, grunt_megastairs_5
Lair:2:   layout_cave_pods, grunt_megastairs_4, uniq_urug
Lair:3:   layout_chaotic_city, nicolae_shoals_entry_roost,
          spider_nest_entry_webs, gammafunk_ghost_wrathful_warriors,
          gauntlet_entry_generic, infiniplex_staircase_pool_2,
          serial_bayou_shore_b
